 Dungeon Crawl Stone Soup version 0.31-a0-799-g6bc09d010c (webtiles) character file.

Game seed: 9241680425110085172

999 Essalna the Conjurer (level 8, -1/56 HPs)
             Began as a Demonspawn Conjurer on Sept 19, 2023.
             Slain by Ijyb
             ... wielding a +0 club
              (6 damage)
             ... on level 5 of the Dungeon.
             The game lasted 00:07:20 (3985 turns).

Essalna the Conjurer (Demonspawn Conjurer)          Turns: 3985, Time: 00:07:21

Health: -1/56      AC:  2    Str:  7    XL:     8   Next: 0%
Magic:  17/17      EV: 12    Int: 22    God:
Gold:   359        SH:  0    Dex: 12    Spells: 16/19 levels left

rFire   . . .        y - +2 whip (venom)
rCold   . . .        (no shield)
rNeg    . . .        a - +0 robe
rPois   .            (no helmet)
rElec   .            (no cloak)
rCorr   .            (no gloves)
SInv    .            (no boots)
Will    .....        (no amulet)
Stlth   ++           (no ring)
HPRegen 0.29/turn    (no ring)
MPRegen 0.30/turn

%: no passive effects
@: no status effects
A: magic regeneration, demonic magic 2, demonic touch 1
a: no special abilities


You were on level 5 of the Dungeon.
You visited 1 branch of the dungeon, and saw 5 of its levels.

You collected 359 gold pieces.

Inventory:

Hand Weapons
 c - a +0 dagger
 f - a +0 spear of venom
 p - a +1 dagger of venom
 y - a +2 whip of venom (weapon)
Armour
 a - a +0 robe (worn)
Wands
 u - a wand of paralysis (12)
Scrolls
 d - a scroll of poison {unknown}
 e - 4 scrolls of identify {unknown}
 i - a scroll of teleportation {unknown}
 j - a scroll of enchant weapon {unknown}
 k - a scroll of noise {unknown}
 l - a scroll of blinking {unknown}
 m - a scroll of fear {unknown}
 q - 2 scrolls of vulnerability {unknown}
 r - a scroll of acquirement {unknown}
 s - a scroll of fog {unknown}
 w - a scroll of amnesia {unknown}
 A - a scroll of enchant armour {unknown}
Potions
 b - 2 potions of magic
 g - a potion of cancellation {unknown}
 h - 2 potions of lignification {unknown}
 n - a potion of enlightenment {unknown}
 o - a potion of degeneration {unknown}
 t - a potion of heal wounds {unknown}
 v - a potion of attraction {unknown}
 x - 2 potions of curing {unknown}
 z - 2 potions of might {unknown}


   Skills:
 + Level 1.9 Fighting
 - Level 1.7 Dodging
 - Level 1.7 Stealth
 - Level 6.0 Spellcasting
 + Level 7.6 Conjurations


You had 16 spell levels left.
You knew the following spells:

 Your Spells              Type           Power      Damage    Failure   Level
a - Magic Dart            Conj           100%       1d8       1%          1
b - Searing Ray           Conj           80%        2d7       1%          2

Your spell library contained the following spells:

 Spells                   Type           Power      Damage    Failure   Level
 Dazzling Flash           Conj/Hex       46%        N/A       6%          3
 Blink                    Tloc           12%        N/A       14%         2
 Fulminant Prism          Conj/Hex       11%        3d8       19%         4
 Iskenderun's Mystic Bla  Conj/Tloc      23%        2d6       19%         4
 Manifold Assault         Tloc           6%         N/A       65%         4


Dungeon Overview and Level Annotations

Branches:
Dungeon (5/15)
 Temple: D:4-7

Altars:
Nemelex Xobeh

Shops:
D:1 =

Annotations:
D:5 Ijyb


Innate Abilities, Weirdness & Mutations

You regenerate magic rapidly.
Spells you cast may paralyse nearby enemies.
Your touch may inflict minor irresistible damage on your foes.


Message History

Ijyb completely misses you. Ijyb misses you. Ijyb closely misses you.
Ijyb hits you with a +0 club.
Ijyb screams, "Me very upset!"
Ijyb hits you with a +0 club. Ijyb hits you with a +0 club. Ijyb misses you.
Ijyb hits you with a +0 club. Ijyb barely misses you.
Ijyb hits you but does no damage.
Ijyb zaps a wand.
You suddenly lose the ability to move!
Ijyb barely misses you. Ijyb hits you with a +0 club.
You can move again.
Ijyb hits you but does no damage.
Unknown command.
Ijyb barely misses you.
Ijyb zaps a wand.
You resist with some effort. Ijyb closely misses you. Ijyb barely misses you.
Ijyb hits you with a +0 club.
Ijyb zaps a wand.
You resist with some effort.
Ijyb screams, "Die!"
Ijyb hits you with a +0 club. Ijyb hits you with a +0 club.
* * * LOW HITPOINT WARNING * * *
Ijyb hits you with a +0 club.
* * * LOW HITPOINT WARNING * * *
Ijyb barely misses you.
Ijyb zaps a wand.
You resist with some effort. Ijyb closely misses you.
Ijyb hits you with a +0 club.
* * * LOW HITPOINT WARNING * * *
Ijyb barely misses you. Ijyb hits you with a +0 club.
* * * LOW HITPOINT WARNING * * *
Ijyb misses you. Ijyb hits you with a +0 club.
You die...

################ #
###..............## .#
##.........[.......##.#
......................##
........................
.....................<.#
........................
................@g......
...........>............
..........†.............
........................
........................
........................
........................
........................
..............


You could see Ijyb.

Vanquished Creatures
  An ice beast (D:5)
  2 ogres
  A phantom (D:5)
  2 scorpions (D:5)
  2 hounds (D:5)
  A gnoll bouda (D:5)
  2 orc priests
  3 sleepcaps (D:5)
  2 iguanas
  Terence (D:3)
  2 orc wizards
  5 gnolls
  5 adders (D:5)
  2 ufetubi
  3 worms (D:2)
  2 dart slugs
  5 orcs
  8 ball pythons
  3 bats
  9 endoplasms
  4 giant cockroaches
  3 hobgoblins
  8 kobolds
  2 quokkas
  3 frilled lizards
  6 goblins
  11 rats
98 creatures vanquished.

Notes
Turn   | Place    | Note
-------+----------+-------------------------------------------
     0 | D:1      | Essalna the Demonspawn Conjurer began the quest for the
                  | Orb.
     0 | D:1      | Reached XP level 1. HP: 13/13 MP: 3/3
   160 | D:1      | Gained mutation: Spells you cast may paralyse adjacent
                  | enemies. [demonic ancestry]
   160 | D:1      | Reached XP level 2. HP: 19/19 MP: 3/5
   279 | D:1      | Found Gielac's Jewellery Shoppe.
   946 | D:1      | Learned a level 2 spell: Searing Ray
   951 | D:1      | Gained mutation: You regenerate magic rapidly. [demonic
                  | ancestry]
   951 | D:1      | Reached XP level 3. HP: 19/24 MP: 1/7
  1971 | D:3      | Reached XP level 4. HP: 30/30 MP: 5/8
  2086 | D:3      | Reached skill level 5 in Conjurations
  2190 | D:3      | Noticed Terence
  2203 | D:3      | Killed Terence
  2204 | D:3      | Reached XP level 5. HP: 11/35 MP: 2/10
  2315 | D:3      | You fall into a shaft and drop 2 floors!
  2315 | D:5      | Entered Level 5 of the Dungeon
  2504 | D:5      | Noticed a phantom
  2513 | D:5      | Killed a phantom
  2514 | D:5      | Reached skill level 6 in Conjurations
  2514 | D:5      | Gained mutation: Spells you cast may paralyse nearby
                  | enemies. [demonic ancestry]
  2514 | D:5      | Reached XP level 6. HP: 34/41 MP: 3/12
  2605 | D:5      | Reached skill level 5 in Spellcasting
  2708 | D:5      | Reached XP level 7. HP: 46/46 MP: 8/14
  3004 | D:4      | Reached skill level 7 in Conjurations
  3661 | D:5      | Reached skill level 1 in Fighting
  3852 | D:5      | Found a sparkling altar of Nemelex Xobeh.
  3908 | D:5      | Gained mutation: Your touch may inflict minor irresistible
                  | damage on your foes. [demonic ancestry]
  3908 | D:5      | Reached XP level 8. HP: 56/56 MP: 13/17
  3930 | D:5      | Noticed Ijyb
  3940 | D:5      | Paralysed by Ijyb for 2 turns
  3951 | D:5      | Paralysed by Ijyb for 3 turns
  3965 | D:5      | Paralysed by Ijyb for 3 turns
  3985 | D:5      | Slain by Ijyb

Illustrated notes

Levels and vault maps discovered:
D:1:      evilmike_arrival_hilbert_curve, layout_basic, serial_shops,
          nicolae_shop_just_a_little_nook
D:2:      layout_basic
D:3:      layout_basic, uniq_terence
D:4:      layout_rooms, hangedman_decor_peaks_small, due_unseen_surprise
D:5:      layout_layer_cave, nicolae_overflow_hidden_temple, grunt_ministairs_8,
          minivault_26, hangedman_minor_gate_pass, uniq_ijyb, uniq_sigmund

Skill      XL: |  1  2  3  4  5  6  7 |
---------------+----------------------+-----
Spellcasting   | 3 4 5 6 |  6.0
Conjurations   | 5 6 7 |  7.6
Fighting       | 1 |  1.9
Dodging        | |  1.7
Stealth        | |  1.7

Action                     |  1- 3 |  4- 6 |  7- 9 || total
---------------------------+-------+-------+-------++-------
  Melee: Dagger            |    12 |    11 |     4 ||    27
         Spear             |     6 |       |       ||     6
   Cast: Magic Dart        |    85 |    45 |    84 ||   214
         Searing Ray       |     1 |     7 |     7 ||    15
   Stab: Paralysed         |     2 |     3 |       ||     5
         Distracted        |     1 |       |       ||     1
 Armour: Robe              |    11 |    16 |    27 ||    54
  Dodge: Dodged            |    11 |     9 |    25 ||    45

Table legend: (Time is in decaauts)
 A = Elapsed time spent in this place.
 B = Non-inter-level travel time spent in this place.
 C = Inter-level travel time spent in this place.
 D = Time resting spent in this place.
 E = Time spent auto-exploring this place.
 F = Levels seen in this place.
 G = Mean time per level.
                   A        B        C        D        E       F      G
               +--------+--------+--------+--------+--------+-----+--------+
         Total |   3983 |   3862 |    121 |      0 |   3293 |   5 |  796.6 |
       Dungeon |   3983 |   3862 |    121 |      0 |   3293 |   5 |  796.6 |
               +--------+--------+--------+--------+--------+-----+--------+

Top non-repeatable levels by time:
     D:1: 1072 daAuts
     D:5: 1016 daAuts
     D:2: 895 daAuts
     D:4: 519 daAuts
     D:3: 480 daAuts
